 Dungeon Crawl Stone Soup version 0.22-a0-580-gd5db89c (webtiles) character file.

5970 Hebeh the Cleaver (level 10, -1/135 HPs)
             Began as a Minotaur Fighter on July 3, 2018.
             Was a Believer of Trog.
             Slain by a vampire (7 damage)
             ... on level 10 of the Dungeon.
             The game lasted 00:36:34 (10472 turns).

Hebeh the Cleaver (Minotaur Fighter)               Turns: 10472, Time: 00:36:35

Health: -1/135     AC: 25    Str: 28    XL:     10   Next: 55%
Magic:  12/12      EV:  2    Int:  5    God:    Trog [**....]
Gold:   272        SH: 13    Dex:  9    Spells: 9/9 levels left

rFire    x . .     SeeInvis .   K - +1 mace (holy)
rCold    + . .     Gourm    .   c - +1 shield
rNeg     + + +     Faith    .   (armour currently unavailable)
rPois    +         Spirit   .   (helmet currently unavailable)
rElec    .         Reflect  .   (cloak currently unavailable)
rCorr    .         Harm     .   (gloves currently unavailable)
MR       .....     NoTele   +   (boots currently unavailable)
Stlth    +.........             (no amulet)
HPRegen  0.32/turn              F - ring of ice
MPRegen  0.13/turn              y - +3 ring of strength

@: tree-form
A: (retaliatory headbutt)
a: Berserk, Trog's Hand, Renounce Religion


You were on level 10 of the Dungeon.
You worshipped Trog.
Trog was pleased with you.
You were not hungry.
You were a tree.
You visited 2 branches of the dungeon, and saw 11 of its levels.
You also visited: Ossuary.

You collected 461 gold pieces.
You spent 189 gold pieces at shops.

Inventory:

Hand Weapons
 a - a +1 war axe
 b - a +3 hunting sling of freezing
 K - a +1 mace of holy wrath (weapon)
Missiles
 s - 88 sling bullets
Armour
 c - a +1 shield (worn)
 o - a +0 pair of boots (melded)
 t - a +0 scale mail (melded)
 u - a +0 cloak (melded)
 J - a +2 hat (melded)
 N - a +1 pair of gloves (melded)
Jewellery
 i - an uncursed ring of stealth
 y - a +3 ring of strength (right branch)
 C - an uncursed ring of poison resistance {unknown}
 F - a ring of ice (left branch)
Wands
 g - a wand of digging (14)
 z - a wand of acid (10)
 B - a wand of polymorph (28)
 D - a wand of iceblast (14)
Scrolls
 h - 3 scrolls of immolation
 j - 9 scrolls of remove curse
 k - 2 scrolls of amnesia
 m - 2 scrolls of fear
 n - 9 scrolls of identify
 A - 3 scrolls of blinking
 G - a scroll of silence {unknown}
 H - a scroll of teleportation
 L - a scroll of torment {unknown}
Potions
 d - 4 potions of might
 e - 4 potions of haste
 l - a potion of degeneration
 p - a potion of lignification
 r - 2 potions of invisibility {unknown}
 v - 3 potions of curing {unknown}
 w - 2 potions of cancellation {unknown}
 E - 3 potions of flight {unknown}
 I - a potion of magic {unknown}
Miscellaneous
 x - a phial of floods
Comestibles
 f - 13 rations
 M - a chunk of flesh


   Skills:
 + Level 8.5 Fighting
 * Level 11.0 Axes
 + Level 5.2 Slings
 + Level 8.5 Armour
 + Level 8.6 Shields
 + Level 4.3 Evocations


You had 9 spell levels left.
You didn't know any spells.
Your spell library contained the following spells:

 Spells                   Type           Power        Failure   Level  Hunger
 Stone Arrow              Conj/Erth      #.....       98%         3    ####...
 Passwall                 Tmut/Erth      #.......     88%         2    ###....
 Lee's Rapid Deconstruct  Erth           #.........   100%        5    ######.
 Sandblast                Erth           #.....       77%         1    ##.....
 Petrify                  Tmut/Erth      #.......     100%        4    #####..


Dungeon Overview and Level Annotations

Branches:
Dungeon (10/15)            Temple (1/1) D:7            Lair (0/6) D:10
    Orc: D:9-12

Altars:
Ashenzari
Cheibriados
Dithmenos
Elyvilon
Fedhas
Gozag
Hepliaklqana
Kikubaaqudgha
Makhleb
Nemelex Xobeh
Okawaru
Ru
Trog
Uskayaw
Wu Jian
Xom
The Shining One

Shops:
D:5 ?

Annotations:
D:3 2 transporters


Innate Abilities, Weirdness & Mutations

((You reflexively headbutt those who attack you in melee.))
((You have a pair of horns on your head.))


Message History

You miss something. Something hits you but does no damage.
Something bites you but does no damage.
Wield which item (- for none, * to show all)? (? for menu, Esc to quit)
Your +3 hunting sling of freezing stops glowing.
Your +1 mace of holy wrath softly glows with a divine radiance!
K - a +1 mace of holy wrath (weapon)
Something completely misses you. Something bites you.
* * * LOW HITPOINT WARNING * * *
Something draws strength from your injuries!
You turn into a tree.
Your +0 cloak melds into your body.
Your +2 hat melds into your body.
Your +1 pair of gloves melds into your body.
Your +0 pair of boots melds into your body.
Your +0 scale mail melds into your body.
Your roots penetrate the ground.
Something hits you!
* * * LOW HITPOINT WARNING * * *
Something bites you but does no damage.
You barely miss something. Something hits you but does no damage.
Something bites you!
You die...

... .... ....
.....
#######....
#.....'...
#.....#
#..♣..#
#.{...# ####
##....# .....
##....##.....
#............
#............
####..###..##
#####..## .#
#......#
#.......# #


There were no monsters in sight!

Vanquished Creatures
  2 two-headed ogres
  Joseph (D:7)
  A hippogriff (D:8)
  Sigmund (D:6)
  A wraith (D:7)
  A spriggan (D:7)
  A steam dragon (D:10)
  A water moccasin (D:4)
  3 orc warriors
  3 sky beasts
  3 phantoms
  2 ogres
  2 centaurs
  2 crocodiles
  An elf zombie (Ossuary)
  3 big kobolds
  3 bullfrogs (D:10)
  4 scorpions
  5 killer bees (D:9)
  5 crimson imps
  A centaur zombie (Ossuary)
  6 orc priests
  4 hounds
  A bullfrog skeleton (D:8)
  A human zombie (Ossuary)
  2 iguanas
  Terence (D:3)
  4 orc wizards
  8 worker ants
  2 big kobold zombies (Ossuary)
  2 mummies (Ossuary)
  A howler monkey skeleton (D:7)
  A gnoll (D:1)
  9 adders
  2 shadow imps
  An ooze (D:5)
  3 adder zombies
  4 worms
  2 dart slugs
  6 leopard geckos
  39 orcs
  4 bats (D:1)
  6 giant cockroaches
  10 goblins
  8 hobgoblins
  A jackal (D:4)
  A quokka (D:2)
  A ball python skeleton (D:4)
  2 frilled lizards
  A goblin zombie (Ossuary)
  13 hobgoblin zombies
  A jackal skeleton (D:4)
  3 jackal zombies
  22 kobolds
  8 kobold zombies (Ossuary)
  A leopard gecko skeleton (D:4)
  7 orc zombies (Ossuary)
  A quokka zombie (D:4)
  3 rats
  A rat zombie (Ossuary)
239 creatures vanquished.

Vanquished Creatures (others)
  An orc (D:7)
1 creature vanquished.

Grand Total: 240 creatures vanquished

Notes
Turn   | Place    | Note
-------+----------+-------------------------------------------
     0 | D:1      | Hebeh the Minotaur Fighter began the quest for the Orb.
     0 | D:1      | Reached XP level 1. HP: 19/19 MP: 0/0
    66 | D:1      | Reached XP level 2. HP: 26/27 MP: 1/1
   153 | D:1      | Reached skill level 3 in Axes
   321 | D:1      | Reached XP level 3. HP: 33/33 MP: 2/2
   517 | D:1      | Found a glowing golden altar of the Shining One.
   938 | D:2      | Reached skill level 4 in Axes
   938 | D:2      | Reached XP level 4. HP: 36/40 MP: 3/3
  1553 | D:3      | Found a transporter.
  1727 | D:3      | Found a sacrificial altar of Ru.
  1790 | D:3      | Found a transporter.
  1835 | D:3      | Noticed Terence
  1841 | D:3      | Killed Terence
  1841 | D:3      | Reached XP level 5. HP: 44/47 MP: 4/4
  1895 | D:3      | Found an iron altar of Okawaru.
  2541 | D:4      | Noticed a two-headed ogre
  2578 | D:4      | Killed a two-headed ogre
  2578 | D:4      | Reached skill level 5 in Fighting
  2578 | D:4      | Reached skill level 6 in Axes
  2578 | D:4      | Reached skill level 5 in Armour
  2578 | D:4      | Reached skill level 5 in Shields
  2578 | D:4      | Reached XP level 6. HP: 27/57 MP: 5/5
  2578 | D:4      | Reached XP level 7. HP: 30/62 MP: 6/6
  2792 | D:4      | Found a shattered altar of Ashenzari.
  2863 | D:4      | Reached skill level 7 in Axes
  3364 | D:4      | Reached XP level 8. HP: 57/70 MP: 7/7
  3779 | D:5      | Entered Level 5 of the Dungeon
  3779 | D:5      | Found Yteyd's Magic Scroll Emporium.
  3781 | D:5      | Bought a scroll of identify for 28 gold pieces
  3781 | D:5      | Bought a scroll of identify for 28 gold pieces
  3781 | D:5      | Bought a scroll of identify for 28 gold pieces
  3781 | D:5      | Bought a scroll of enchant weapon for 105 gold pieces
  3942 | D:5      | Reached skill level 1 in Slings
  4126 | D:5      | Reached skill level 1 in Evocations
  4472 | D:5      | Reached skill level 8 in Axes
  5030 | D:6      | Found a sand-covered staircase.
  5040 | Ossuary  | Entered an ossuary
  5539 | D:6      | Reached XP level 9. HP: 74/79 MP: 9/9
  5873 | D:6      | Noticed Sigmund
  5880 | D:6      | Killed Sigmund
  5960 | D:7      | Found a white marble altar of Elyvilon.
  6066 | D:7      | Noticed Joseph
  6081 | D:7      | Killed Joseph
  6081 | D:7      | Reached skill level 9 in Axes
  6477 | D:7      | Found a hazy altar of Hepliaklqana.
  6915 | D:7      | Found a staircase to the Ecumenical Temple.
  7279 | Temple   | Entered the Ecumenical Temple
  7296 | Temple   | Became a worshipper of Trog the Wrathful
  7673 | D:8      | Noticed a two-headed ogre
  7686 | D:8      | Killed a two-headed ogre
  7686 | D:8      | Reached skill level 10 in Axes
  7686 | D:8      | Reached XP level 10. HP: 37/88 MP: 11/11
  8166 | D:8      | Found a burning altar of Makhleb.
  8313 | D:8      | Found a hide-covered altar of Uskayaw.
  8318 | D:8      | Found a shimmering altar of Xom.
  8622 | D:9      | Reached * piety under Trog
  9337 | D:9      | Found a shadowy altar of Dithmenos.
  9414 | D:9      | Found a snail-covered altar of Cheibriados.
  9421 | D:9      | Found a sparkling altar of Nemelex Xobeh.
  9429 | D:9      | Found an ancient bone altar of Kikubaaqudgha.
  9630 | D:10     | Entered Level 10 of the Dungeon
  9930 | D:10     | Reached ** piety under Trog
  9934 | D:10     | Reached skill level 5 in Slings
 10310 | D:10     | Found a staircase to the Lair.
 10432 | D:10     | Reached skill level 11 in Axes
 10471 | D:10     | HP: 6/135 [something (7)]
 10472 | D:10     | Slain by a vampire

Vault maps used:
D:1:      grunt_arrival_crossed_arrows, minivault_23, tso_altar
D:2:      minmay_tall_x
D:3:      gammafunk_wand_slinger, nicolae_ru_sacrificial_ziggurat,
          lemuel_crystal_altar, minmay_misc_feat_tiny, uniq_terence
D:4:      nicolae_ashenzari_panopticon, first_ration, minmay_checkerbox
D:5:      serial_shops, shop
D:6:      enter_ossuary_3, uniq_sigmund
D:7:      elyvilon_altar_4, lemuel_round_altar, minmay_temple_entry_poolview,
          the_bakery, uniq_joseph
D:8:      makhleb_grotto_becter, grunt_temple_overflow_open
D:9:      minmay_overflow_temple_star_quad, kennysheep_mini
D:10:     lair_entry_dummy, skrybe_limestone_x, uniq_urug
Temple:   zaba_magenta_temple
Ossuary:  ossuary_tomb_1

Skill      XL: |  1  2  3  4  5  6  7  8  9 10 |
---------------+-------------------------------+-----
Axes           | 3 4 6 7 8 10 11 | 11.0
Armour         | 4 5 6 7 8 |  8.5
Fighting       | 4 5 6 7 8 |  8.5
Shields        | 4 5 6 7 8 |  8.6
Slings         | 2 4 5 |  5.2
Evocations     | 2 3 4 |  4.3

Action                   |  1- 3 |  4- 6 |  7- 9 | 10-12 || total
-------------------------+-------+-------+-------+-------++-------
Melee: War axe           |    83 |    71 |   283 |   194 ||   631
       Headbutt          |    13 |    14 |    54 |    37 ||   118
       Hunting sling     |       |       |       |     2 ||     2
       Mace              |       |       |       |     1 ||     1
 Fire: Hunting sling     |       |       |    37 |     9 ||    46
  Use: Scroll            |       |       |    15 |       ||    15
       Potion            |       |       |     1 |     2 ||     3
  Eat: Chunk             |       |     2 |    10 |     5 ||    17
       Ration            |       |     1 |     2 |     1 ||     4
Armor: Scale mail        |    34 |    26 |    85 |   105 ||   250
       Skin              |       |       |       |     2 ||     2
Dodge: Dodged            |    30 |    15 |    50 |    46 ||   141
Block: Shield            |    34 |    34 |   132 |   110 ||   310

Table legend:
 A = Spawn XP
 B = Non-spawn XP
 C = Spawn XP percentage of total XP
 D = Spawn monster count
 E = Non-spawn monster count
 F = Spawn count percentage of total count
 G = Total turns spent on level
                    A         B        C        D         E        F      G
               +---------+---------+-------+---------+---------+-------+---------
         Total |       0 |    8529 |   0.0 |       0 |     239 |   0.0 | 10472
               +---------+---------+-------+---------+---------+-------+---------
           D:1 |       0 |      54 |   0.0 |       0 |      24 |   0.0 |   596
           D:2 |       0 |     112 |   0.0 |       0 |      18 |   0.0 |   829
           D:3 |       0 |      60 |   0.0 |       0 |       6 |   0.0 |   835
           D:4 |       0 |    1327 |   0.0 |       0 |      25 |   0.0 |  1519
           D:5 |       0 |     475 |   0.0 |       0 |      16 |   0.0 |   944
           D:6 |       0 |     826 |   0.0 |       0 |      12 |   0.0 |   940
           D:7 |       0 |    1046 |   0.0 |       0 |      12 |   0.0 |  1397
           D:8 |       0 |    2247 |   0.0 |       0 |      31 |   0.0 |  1266
           D:9 |       0 |     549 |   0.0 |       0 |      14 |   0.0 |   980
          D:10 |       0 |    1522 |   0.0 |       0 |      42 |   0.0 |   842
       Ossuary |       0 |     311 |   0.0 |       0 |      39 |   0.0 |   293
               +---------+---------+-------+---------+---------+-------+---------
